 Dungeon Crawl Stone Soup version 0.22-a0-135-g6f012ad (webtiles) character file.

11258 tof the Basher (level 11, 0/99 HPs)
             Began as a Minotaur Fighter on Feb 1, 2018.
             Was a High Priest of Okawaru.
             Slain by a wolf (5 damage)
             ... led by Grum
             ... on level 1 of the Lair of Beasts.
             The game lasted 00:27:01 (11663 turns).

tof the Basher (Minotaur Fighter)                  Turns: 11663, Time: 00:27:01

Health: 0/99       AC: 17    Str: 21    XL:     11   Next: 46%
Magic:  23/23      EV:  7    Int: 11    God:    Okawaru [*****.]
Gold:   602        SH: 12    Dex: 15    Spells: 10/10 levels left

rFire    . . .     SeeInvis +   D - +0 flail
rCold    . . .     Gourm    .   c - +0 shield
rNeg     . . .     Faith    .   z - +1 chain mail "Alafemaskopn" {Stlth+} (curse)
rPois    .         Spirit   .   K - +1 hat {SInv}
rElec    +         Reflect  .   E - +1 cloak
rCorr    .         Harm     .   W - +0 pair of gloves of the Tuna {*Contam +Blink rElec}
MR       .....                  (no boots)
Stlth    ..........             q - amulet of magic regeneration
HPRegen  0.26/turn              (no ring)
MPRegen  0.43/turn              S - ring "Lexehes" {MP+9 Int+6 Dex+2}

@: lethally poisoned (0 -> -1)
A: retaliatory headbutt, horns 2
a: Heroism, Finesse, Renounce Religion, Evoke Blink


You were on level 1 of the Lair of Beasts.
You worshipped Okawaru.
Okawaru was extremely pleased with you.
You were not hungry.

You visited 3 branches of the dungeon, and saw 12 of its levels.
You also visited: Labyrinth and Ossuary.

You collected 602 gold pieces.

Inventory:

Hand Weapons
 a - the +6 whip of Resourcefulness {protect, +Fly}
   (You took it off an orc priest on level 5 of the Dungeon)

   It protects the one who uses it against injury (+AC on strike).
   It lets you fly.
 b - a +3 blowgun
 D - a +0 flail (weapon)
Missiles
 o - 7 tomahawks
 C - 8 javelins (quivered)
 O - 2 throwing nets {!f}
Armour
 c - a +0 shield (worn)
 r - a +4 crystal plate armour
 z - the cursed +1 chain mail "Alafemaskopn" (worn) {Stlth+}
   (You found it on level 1 of the Lair of Beasts)

   It makes you more stealthy.
   It has a curse placed upon it.
 E - a +1 cloak (worn)
 K - a +1 hat of see invisible (worn)
 W - the +0 pair of gloves of the Tuna (worn) {*Contam +Blink rElec}
   (You found it in a labyrinth)

   It insulates you from electricity.
   It lets you blink.
   It causes magical contamination when unequipped.
Jewellery
 q - an amulet of magic regeneration (around neck)
 S - the ring "Lexehes" (right hand) {MP+9 Int+6 Dex+2}
   (You found it in a labyrinth)

   [ring of magical power]

   It affects your intelligence (+6).
   It affects your dexterity (+2).
   It affects your magic capacity (+9).
Wands
 u - a wand of iceblast (12)
 G - a wand of paralysis (12)
 H - a wand of acid (19)
 J - a wand of flame (37)
 P - a wand of polymorph (16)
Scrolls
 e - a scroll of torment
 g - 6 scrolls of teleportation
 j - 5 scrolls of amnesia
 m - 3 scrolls of enchant weapon
 s - a scroll of blinking
 w - 4 scrolls of fog
 y - 3 scrolls of fear
 F - a scroll of magic mapping
 M - 2 scrolls of remove curse {unknown}
Potions
 d - 2 potions of might
 h - 3 potions of cancellation {unknown}
 k - 3 potions of curing {unknown}
 l - 6 potions of heal wounds {unknown}
 n - a potion of brilliance {unknown}
 p - a potion of ambrosia {unknown}
 t - a potion of resistance {unknown}
 v - 2 potions of berserk rage {unknown}
 x - a potion of agility {unknown}
 A - 3 potions of flight {unknown}
 B - a potion of lignification {unknown}
 I - a potion of magic {unknown}
 L - a potion of mutation {unknown}
Books
 i - a book of Misfortune

   Spells                             Type                      Level
   a - Confusing Touch                Hexes                        1
   b - Confuse                        Hexes                        3
   c - Gell's Gravitas                Translocation                3
   d - Petrify                        Transmutation/Earth          4
   e - Metabolic Englaciation         Hexes/Ice                    5
   f - Yara's Violent Unravelling     Hexes/Transmutation          5
 Q - a book of Conjurations

   Spells                             Type                      Level
   a - Magic Dart                     Conjuration                  1
   b - Searing Ray                    Conjuration                  2
   c - Dazzling Spray                 Conjuration/Hexes            3
   d - Fulminant Prism                Conjuration/Hexes            4
   e - Force Lance                    Conjuration/Translocation    4
   f - Iskenderun's Mystic Blast      Conjuration                  4
Miscellaneous
 R - a lightning rod (4/4)
Comestibles
 f - 14 rations
 N - 2 chunks of flesh


   Skills:
 + Level 9.8 Fighting
 * Level 12.8 Maces & Flails
 + Level 9.9 Armour
 + Level 9.9 Shields
 + Level 6.1 Invocations
 + Level 1.7 Evocations


You had 10 spell levels left.
You didn't know any spells.

Dungeon Overview and Level Annotations

Branches:
Dungeon (10/15)            Temple (1/1) D:4            Lair (1/6) D:9
    Orc: D:9-12

Altars:
Ashenzari
Cheibriados
Dithmenos
Elyvilon
Fedhas
Gozag
Hepliaklqana
Kikubaaqudgha
Makhleb
Nemelex Xobeh
Okawaru
Ru
Sif Muna
Trog
Uskayaw
Vehumet
Wu Jian
Xom
Yredelemnul
Zin
The Shining One

Shops:
D:8 :


Innate Abilities, Weirdness & Mutations

You reflexively headbutt those who attack you in melee.
You have a pair of horns on your head.


Message History

You block the wolf's attack.
Things that are here:
an enchanted spear; an animal skin You hit the wolf but do no damage.
The wolf is moderately wounded.
The wolf bites you but does no damage. You block the wolf's attack.
The wolf bites you.
* * * LOW HITPOINT WARNING * * *
You closely miss the wolf. Your headbutt misses the wolf.
The wolf is moderately wounded.
You block the wolf's attack. The wolf bites you but does no damage.
You block the wolf's attack.
You hit the wolf.
You kill the wolf!
Okawaru accepts your kill. Something appears at your feet!
Okawaru grants you a weapon!
You feel sick. You block the wolf's attack.
You miss the wolf. The wolf bites you.
You die...

,,,,,,,,,**,,,,,*,,,,,,,,,,,,,,,,
,,,,,,,,,,.#.P..####,*,,,,,,,,*,,
****+,,,,**........*,*,,,,,,,,*,,
,,,,,,,,,**,.......,,+,,,,,,,,..,
,,,,,,,,,,,,,.....##,*.,,,,,,.#..
,,,,,,,,,,,,,,.....*,.,,,,,,.....
,,,,,,,,,**,,,,...*,.#..,,....#..
,,,,,,,,,**,***#.#*#.#..,,.......
***,,*,,,#######@##...######.##..
,,,,,,,,.......h†................
,,,,,,,,........†................
,,,,,,,,....................)....
,,,,,,,,.......>.................
,,,,,,,,.........................
*,,***,,..........).......[......
**,* *,,................##...#...
,*+***,,*#####..###..........#...


You could see a wolf.

Vanquished Creatures
  Gastronok (D:9)
  A minotaur (Lab)
  2 two-headed ogres (D:9)
  The ghost of kal9871 the Basher, a novice OgBe of Trog (D:7)
  Pikel (D:8)
  The ghost of tof the Cudgeler, a novice MiFi (D:4)
  A spiny frog (Lair:1)
  2 trolls (D:10)
  A hornet (D:8)
  2 hippogriffs
  A wraith (Ossuary)
  A spriggan (D:7)
  Grum (Lair:1)
  A chaos spawn (D:9)
  4 hungry ghosts (Lab)
  Menkaure (D:6)
  A porcupine (Lair:1)
  An orc warrior (D:10)
  2 ice beasts
  4 ogres
  A black bear (D:10)
  A phantom (D:4)
  A hornet zombie (D:10)
  3 wolves (Lair:1)
  4 centaurs
  2 big kobolds (D:9)
  2 bullfrogs (Lair:1)
  A water moccasin zombie (D:7)
  A wyvern skeleton (D:3)
  3 scorpions
  2 spriggan skeletons (Lab)
  A troll skeleton (Lab)
  2 howler monkeys
  A bullfrog zombie (D:7)
  5 crimson imps
  A jelly (D:6)
  4 hounds
  2 bullfrog skeletons
  An orc priest (D:5)
  Crazy Yiuf (D:5)
  2 centaur skeletons
  4 iguanas
  6 orc wizards
  5 worker ants
  A killer bee zombie (D:7)
  An ogre skeleton (Lab)
  3 hound skeletons
  A mummy (Ossuary)
  7 gnolls
  10 adders
  6 shadow imps
  3 oozes
  6 worms
  5 dart slugs
  4 leopard geckos
  21 orcs
  7 bats
  9 giant cockroaches
  9 hobgoblins
  5 jackals
  17 kobolds
  3 quokkas
  3 ball pythons
  4 frilled lizards
  3 gnoll skeletons (Ossuary)
  6 goblins
  9 kobold skeletons (Ossuary)
  2 leopard gecko skeletons (D:4)
  13 orc skeletons (Ossuary)
  A quokka skeleton (D:8)
  9 rats
254 creatures vanquished.

Vanquished Creatures (others)
  An orc (D:5)
  A quokka (D:6)
2 creatures vanquished.

Grand Total: 256 creatures vanquished

Notes
Turn   | Place    | Note
-------+----------+-------------------------------------------
     0 | D:1      | tof the Minotaur Fighter began the quest for the Orb.
     0 | D:1      | Reached XP level 1. HP: 19/19 MP: 0/0
   226 | D:1      | Reached XP level 2. HP: 27/27 MP: 1/1
   300 | D:1      | Reached skill level 3 in Maces & Flails
   342 | D:1      | Reached XP level 3. HP: 33/33 MP: 2/2
   738 | D:2      | Found a burning altar of Makhleb.
   918 | D:2      | Found a hazy altar of Hepliaklqana.
   959 | D:2      | Noticed a moth of wrath
   962 | D:2      | Found a bloodstained altar of Trog.
   970 | D:2      | Reached XP level 4. HP: 40/40 MP: 3/3
  1204 | D:2      | Found a snail-covered altar of Cheibriados.
  1207 | D:2      | Found a shattered altar of Ashenzari.
  1247 | D:2      | Found a blossoming altar of Fedhas.
  1298 | D:2      | Reached skill level 4 in Maces & Flails
  1864 | D:3      | Found a glowing golden altar of the Shining One.
  1918 | D:3      | Reached XP level 5. HP: 47/47 MP: 4/4
  2422 | D:3      | Reached skill level 5 in Maces & Flails
  2591 | D:3      | Reached XP level 6. HP: 37/53 MP: 5/5
  2867 | D:4      | Found a sand-covered staircase.
  2872 | Ossuary  | Entered an ossuary
  2872 | Ossuary  | Noticed a wraith
  2872 | Ossuary  | Noticed a wraith
  2872 | Ossuary  | Noticed a wraith
  2890 | Ossuary  | Reached skill level 5 in Armour
  2978 | Ossuary  | Noticed a wraith
  2990 | Ossuary  | Killed a wraith
  2990 | Ossuary  | Reached skill level 5 in Fighting
  2990 | Ossuary  | Reached skill level 5 in Shields
  3280 | D:4      | Noticed tof's ghost (novice MiFi)
  3294 | D:4      | Killed tof's ghost
  3294 | D:4      | Reached skill level 6 in Maces & Flails
  3294 | D:4      | Reached XP level 7. HP: 45/62 MP: 6/6
  3496 | D:4      | Reached skill level 7 in Maces & Flails
  3976 | D:4      | Reached XP level 8. HP: 70/70 MP: 7/7
  4021 | D:4      | Found a staircase to the Ecumenical Temple.
  4105 | Temple   | Entered the Ecumenical Temple
  4276 | Temple   | Became a worshipper of Warmaster Okawaru
  4502 | D:4      | Found an ancient bone altar of Kikubaaqudgha.
  4520 | D:5      | Entered Level 5 of the Dungeon
  4552 | D:5      | Reached skill level 8 in Maces & Flails
  4554 | D:5      | Reached skill level 1 in Invocations
  4992 | D:5      | Got a scorched whip {protect}
  4993 | D:5      | Identified the +6 whip of Resourcefulness {protect, +Fly} (You took it off an orc priest on level 5 of the Dungeon)
  5022 | D:5      | Found a radiant altar of Vehumet.
  5306 | D:5      | Found a runed door.
  5310 | D:5      | Noticed Crazy Yiuf
  5315 | D:5      | Killed Crazy Yiuf
  5447 | D:6      | Reached * piety under Okawaru
  5503 | D:6      | Noticed Menkaure
  5519 | D:6      | Killed Menkaure
  5944 | D:6      | Found a white marble altar of Elyvilon.
  5967 | D:6      | Reached skill level 9 in Maces & Flails
  6336 | D:7      | Reached XP level 9. HP: 79/79 MP: 9/9
  6441 | D:7      | Noticed kal9871's ghost (novice OgBe)
  6462 | D:7      | Killed kal9871's ghost
  6462 | D:7      | Reached ** piety under Okawaru
  6632 | D:7      | Found a sacrificial altar of Ru.
  6780 | D:7      | Reached skill level 10 in Maces & Flails
  6878 | D:7      | Found a deep blue altar of Sif Muna.
  7389 | D:8      | Noticed Pikel
  7426 | D:8      | Killed Pikel
  7547 | D:8      | Reached *** piety under Okawaru
  7547 | D:8      | Reached XP level 10. HP: 73/88 MP: 10/12
  7614 | D:8      | Found Rukegewn's Book Shoppe.
  7918 | D:9      | Noticed a two-headed ogre
  7930 | D:9      | Killed a two-headed ogre
  7930 | D:9      | Reached skill level 11 in Maces & Flails
  8062 | D:9      | Noticed Gastronok
  8090 | D:9      | Killed Gastronok
  8090 | D:9      | Reached **** piety under Okawaru
  8090 | D:9      | Reached skill level 5 in Invocations
  8843 | D:9      | Found a staircase to the Lair.
  9065 | D:10     | Entered Level 10 of the Dungeon
  9065 | D:10     | Noticed a two-headed ogre
  9076 | D:9      | Killed a two-headed ogre
  9076 | D:9      | Reached ***** piety under Okawaru
  9076 | D:9      | Reached skill level 12 in Maces & Flails
  9348 | D:10     | Reached XP level 11. HP: 92/97 MP: 14/14
 10123 | Lair:1   | Entered Level 1 of the Lair of Beasts
 10142 | Lair:1   | Identified a scroll of acquirement
 10191 | Lair:1   | Got an encrusted chain mail
 10192 | Lair:1   | Found a labyrinth entrance.
 10201 | Lab      | Entered a labyrinth
 10727 | Lab      | Reached skill level 1 in Evocations
 11525 | Lab      | Noticed a minotaur
 11533 | Lab      | Killed a minotaur
 11536 | Lab      | Got a smoking tin ring
 11537 | Lab      | Got a pair of dazzling gloves
 11579 | Lair:1   | Identified the +0 pair of gloves of the Tuna {*Contam +Blink rElec} (You found it in a labyrinth)
 11589 | Lair:1   | Identified the cursed +1 chain mail "Alafemaskopn" {Stlth+} (You found it on level 1 of the Lair of Beasts)
 11593 | Lair:1   | Identified the ring "Lexehes" {MP+9 Int+6 Dex+2} (You found it in a labyrinth)
 11640 | Lair:1   | Noticed Grum
 11658 | Lair:1   | Killed Grum
 11662 | Lair:1   | Received a gift from Okawaru
 11662 | Lair:1   | HP: 4/99 [poisoned by a spiny frog]
 11663 | Lair:1   | Slain by a wolf

Vault maps used:
D:1:      dpeg_arrival_erosion
D:2:      nicolae_overflow_hidden_temple, overflow_temple_1_default, tgw_trog,
          lemuel_coloured_pillars_altar, fedhas_altar_3, first_ration
D:3:      minivault_11, serial_park_tiny_2, lemuel_statue_altar
D:4:      minmay_wonky_spiral, kennysheep_mini_moat, minmay_temple_entry_glass,
          enter_ossuary_2
D:5:      vehumet_crystals, minmay_misc_feat_five, uniq_crazy_yiuf_cottage
D:6:      elyvilon_altar_4, uniq_menkaure
D:7:      overflow_temple_1_default, kennysheep_mini, the_bakery
D:8:      serial_shops, shop, uniq_pikel
D:9:      lair_entry_dummy, grunt_ministairs_9, uniq_gastronok
D:10:     minmay_ornate_pinched, minmay_guarded_unrand_variability
Temple:   dpeg_chambers_temple
Lair:1:   lab_entry_generic, nicolae_lair_grove_arrangements,
          serial_bayou_pond_d, uniq_grum
Lab:      labyrinth_hidden_loot, nicolae_lab_grate_2, lab_hedge, lab_statue,
          labyrinth_skeletal_remains
Ossuary:  ossuary_due_mausoleum

Skill      XL: |  1  2  3  4  5  6  7  8  9 10 11 |
---------------+----------------------------------+-----
Maces & Flails | 3 4 5 6 7 9 10 12 | 12.8
Armour         | 4 5 6 7 8 9 |  9.9
Fighting       | 4 5 6 7 8 9 |  9.8
Shields        | 4 5 6 7 8 9 |  9.9
Invocations    | 2 4 5 6 |  6.1
Evocations     | 1 |  1.7

Action                   |  1- 3 |  4- 6 |  7- 9 | 10-12 || total
-------------------------+-------+-------+-------+-------++-------
Melee: Flail             |    75 |   233 |    87 |    37 ||   432
       Headbutt          |    13 |    43 |    55 |    97 ||   208
       Whip              |       |       |   187 |   277 ||   464
Throw: Javelin           |       |       |    10 |       ||    10
       Tomahawk          |       |       |     2 |       ||     2
Invok: Heroism           |       |       |     1 |     2 ||     3
       Finesse           |       |       |       |     1 ||     1
  Use: Scroll            |       |       |     7 |    10 ||    17
       Potion            |       |       |       |     1 ||     1
  Eat: Chunk             |       |     6 |    12 |     7 ||    25
       Ration            |       |     1 |       |     4 ||     5
Armor: Scale mail        |    25 |    97 |    99 |    68 ||   289
       Chain mail        |       |       |       |    23 ||    23
       Crystal plate arm |       |       |       |    19 ||    19
Dodge: Dodged            |    15 |    82 |    77 |    65 ||   239
Block: Shield            |    34 |   132 |   142 |   162 ||   470

Table legend:
 A = Spawn XP
 B = Non-spawn XP
 C = Spawn XP percentage of total XP
 D = Spawn monster count
 E = Non-spawn monster count
 F = Spawn count percentage of total count
 G = Total turns spent on level
                    A         B        C        D         E        F      G
               +---------+---------+-------+---------+---------+-------+---------
         Total |       0 |   16083 |   0.0 |       0 |     254 |   0.0 | 11663
               +---------+---------+-------+---------+---------+-------+---------
           D:1 |       0 |      51 |   0.0 |       0 |      20 |   0.0 |   703
           D:2 |       0 |      88 |   0.0 |       0 |      30 |   0.0 |  1007
           D:3 |       0 |     272 |   0.0 |       0 |      42 |   0.0 |  1178
           D:4 |       0 |    1138 |   0.0 |       0 |      18 |   0.0 |  1351
           D:5 |       0 |     419 |   0.0 |       0 |      10 |   0.0 |   542
           D:6 |       0 |     553 |   0.0 |       0 |       9 |   0.0 |   929
           D:7 |       0 |    1804 |   0.0 |       0 |      23 |   0.0 |   858
           D:8 |       0 |    1020 |   0.0 |       0 |       8 |   0.0 |   701
           D:9 |       0 |    4948 |   0.0 |       0 |      28 |   0.0 |  1565
          D:10 |       0 |    2054 |   0.0 |       0 |      21 |   0.0 |   677
        Lair:1 |       0 |    1504 |   0.0 |       0 |       9 |   0.0 |   182
           Lab |       0 |    1969 |   0.0 |       0 |       9 |   0.0 |  1358
       Ossuary |       0 |     263 |   0.0 |       0 |      27 |   0.0 |   398
               +---------+---------+-------+---------+---------+-------+---------
